 Dungeon Crawl Stone Soup version 0.30-a0-1112-gfb780f5df6 (webtiles) character file.

Game seed: 3738784902609727876

102 porpoise the Poker (level 4, 0/35 HPs)
             Began as a Merfolk Gladiator on Apr 20, 2023.
             Slain by an orc wizard
             ... wielding a +0 dagger
              (4 damage)
             ... on level 3 of the Dungeon.
             The game lasted 00:07:36 (2114 turns).

porpoise the Poker (Merfolk Gladiator)              Turns: 2114, Time: 00:07:37

Health: 0/35       AC:  4    Str: 20    XL:     4   Next: 78%
Magic:  3/3        EV: 12    Int:  6    God:
Gold:   153        SH:  0    Dex: 12    Spells: 3/3 levels left

rFire   . . .      SeeInvis .    a - +0 trident
rCold   . . .      Faith    .    (no shield)
rNeg    . . .      Spirit   .    r - +0 leather armour
rPois   .          Reflect  .    m - +0 helmet
rElec   .          Rampage  .    (no cloak)
rCorr   .                        (no gloves)
Will    .....                    (no boots)
Stlth   +                        (no amulet)
HPRegen 0.25/turn                (no ring)
MPRegen 0.08/turn                (no ring)

@: brilliant
A: (nimble swimmer 2), mertail, clumsy 1, low MP 1, strong 1, MP-powered wands
a: no special abilities


You were on level 3 of the Dungeon.
You visited 1 branch of the dungeon, and saw 3 of its levels.

You collected 153 gold pieces.

Inventory:

Hand Weapons
 a - a +0 trident (weapon)
 b - a +0 sling
Missiles
 d - 3 throwing nets (quivered)
 e - 3 javelins
 s - 2 boomerangs
Armour
 m - a +0 helmet (worn)
 r - a +0 leather armour (worn)
Magical Staves
 u - a staff of cold
Scrolls
 h - 3 scrolls of enchant armour {unknown}
 j - a scroll of fog {unknown}
 k - 4 scrolls of identify {unknown}
 n - a scroll of fear {unknown}
 q - a scroll of immolation {unknown}
 t - a scroll of butterflies {unknown}
Potions
 i - a potion of berserk rage {unknown}
 l - a potion of magic {unknown}
 o - a potion of might {unknown}
 p - a potion of degeneration {unknown}


   Skills:
 + Level 3.4 Fighting
 * Level 6.2 Polearms
 - Level 2.0 Throwing
 - Level 4.0 Dodging


You had 3 spell levels left.
You didn't know any spells.
Your spell library contained the following spells:

 Spells                   Type           Power      Damage    Failure   Level
 Kiss of Death            Conj/Necr      0%         2d5       52%         1
 Confusing Touch          Hex            0%         N/A       87%         3
 Dispel Undead            Necr           0%         3d6       99%         4


Dungeon Overview and Level Annotations

Branches:
Dungeon (3/15)

Altars:


Innate Abilities, Weirdness & Mutations

((You are very nimble when in or above water. (Stealth+, EV+, Speed+++)))
Your lower body shifts to a powerful aquatic tail in water.
You are clumsy. (Dex -2)
Your magical capacity is low. (-10% MP)
Your muscles are strong. (Str +4, Int/Dex -1)
You expend magic power (3 MP) to strengthen your wands.


Message History

You closely miss something. Something hits you but does no damage.
You closely miss something.
A magic dart appears from out of thin air!
The magic dart hits something.
Something hits you.
You barely miss something. Something barely misses you.
You barely miss something.
You hear some strange, mumbled words.
A magic dart appears from out of thin air!
The magic dart hits you!
* * * LOW HITPOINT WARNING * * *
You miss something. Something hits you but does no damage.
It was a potion of brilliance.
You feel clever all of a sudden. Something completely misses you.
It was a potion of curing.
You feel better.
You hear some strange, mumbled words.
A magic dart appears from out of thin air!
The magic dart hits you.
* * * LOW HITPOINT WARNING * * *
It was a potion of mutation.
You feel extremely strange.
You feel less energetic.
You feel clumsy.
You feel stronger.
You feel your magical essence link to the dungeon's wands.
A magic dart appears from out of thin air!
The magic dart hits something.
Reactivating autopickup.
You feel a bit more experienced. Something barely misses you.
Something hits you.
* * * LOW HITPOINT WARNING * * *
Deactivating autopickup; reactivate with Ctrl-A.
Items here: )) ? [.
Something hits you but does no damage. Something hits you.
* * * LOW HITPOINT WARNING * * *
Something hits you.
* * * LOW HITPOINT WARNING * * *
You hear some strange, mumbled words.
You hit something but do no damage. Something hits you but does no damage.
You hit something but do no damage. Something hits you.
* * * LOW HITPOINT WARNING * * *
You hit something but do no damage. Something hits you.
You die...

#....## #..)..###
#...#...# #...###.######
######...###......######
#........##....##.......
#............#..........
#......<..#.###.#.......
#.......#.#.@.o{#...o...
#.......+.#######.......
#.......### .......
#.......# .######
#.......# .. #.......#
.. #.......# #.......#
#.......#


You could see an orc.

Vanquished Creatures
  4 adders
  A dart slug (D:2)
  An orc (D:3)
  3 bats
  7 endoplasms
  6 goblins
  6 hobgoblins
  7 kobolds
  A quokka (D:1)
  3 ball pythons
  3 frilled lizards
  8 rats (D:1)
50 creatures vanquished.

Vanquished Creatures (others)
  An orc wizard (D:3)
1 creature vanquished.

Grand Total: 51 creatures vanquished

Notes
Turn   | Place    | Note
-------+----------+-------------------------------------------
     0 | D:1      | porpoise the Merfolk Gladiator began the quest for the Orb.
     0 | D:1      | Reached XP level 1. HP: 16/16 MP: 1/1
   147 | D:1      | Reached XP level 2. HP: 23/23 MP: 2/2
   546 | D:1      | Reached skill level 5 in Polearms
   644 | D:1      | Reached XP level 3. HP: 28/28 MP: 3/3
   677 | D:1      | Found a faded altar of an unknown god.
  1524 | D:2      | Reached XP level 4. HP: 35/35 MP: 4/4
  1980 | D:3      | Reached skill level 6 in Polearms
  2108 | D:3      | Gained mutation: Your magical capacity is low. (-10% MP)
                  | [potion of mutation]
  2108 | D:3      | Gained mutation: You are clumsy. (Dex -2) [potion of
                  | mutation]
  2108 | D:3      | Gained mutation: Your muscles are strong. (Str +4, Int/Dex
                  | -1) [potion of mutation]
  2108 | D:3      | Gained mutation: You expend magic power (3 MP) to
                  | strengthen your wands. [potion of mutation]
  2114 | D:3      | Slain by an orc wizard

Illustrated notes

Levels and vault maps discovered:
D:1:      minmay_arrival_stone_box, layout_basic,
          chequers_ecumenical_altar_island, chequers_garden, hex_tiny,
          minmay_nonomino_d4
D:2:      layout_loops_cross, grunt_decor_cap, minmay_tiny_reverse_x
D:3:      layout_basic, gammafunk_temple_overflow_wave

Skill      XL: |  1  2  3  4 |
---------------+-------------+-----
Polearms       | 5 6 |  6.2
Fighting       | 3 |  3.4
Throwing       | |  2.0
Dodging        | |  4.0

Action                     |  1- 3 |  4- 6 || total
---------------------------+-------+-------++-------
  Melee: Trident           |   119 |    55 ||   174
         Tailslap          |     1 |       ||     1
         Punch             |     1 |       ||     1
    Use: Potion            |       |     3 ||     3
   Stab: Sleeping          |     1 |       ||     1
 Armour: Leather armour    |    19 |    13 ||    32
  Dodge: Dodged            |    60 |    23 ||    83

Table legend: (Time is in decaauts)
 A = Elapsed time spent in this place.
 B = Non-inter-level travel time spent in this place.
 C = Inter-level travel time spent in this place.
 D = Time resting spent in this place.
 E = Time spent auto-exploring this place.
 F = Levels seen in this place.
 G = Mean time per level.
                   A        B        C        D        E       F      G
               +--------+--------+--------+--------+--------+-----+--------+
         Total |   2112 |   2037 |     75 |    293 |   1340 |   3 |  704.0 |
       Dungeon |   2112 |   2037 |     75 |    293 |   1340 |   3 |  704.0 |
               +--------+--------+--------+--------+--------+-----+--------+

Top non-repeatable levels by time:
     D:1: 1047 daAuts
     D:2: 890 daAuts
     D:3: 174 daAuts
